 Dungeon Crawl Stone Soup version 0.30.0-13-g156ef70053 (webtiles) character file.

Game seed: 18176172891988778265

963 Sabo the Chopper (level 8, -3/42 HPs)
             Began as a Vine Stalker Fighter on May 16, 2023.
             Was a Believer of Elyvilon.
             Slain by Prince Ribbit (6 damage)
             ... on level 5 of the Dungeon on May 17, 2023.
             The game lasted 00:27:47 (4458 turns).

Sabo the Chopper (Vine Stalker Fighter)             Turns: 4458, Time: 00:27:47

Health: -3/42      AC: 11    Str: 22    XL:     8   Next: 15%
Magic:  0/9        EV: 10    Int: 14    God:    Elyvilon [**....]
Gold:   90         SH:  5    Dex: 13    Spells: 7/7 levels left

rFire   . . .        a - +1 war axe
rCold   . . .        c - +0 buckler
rNeg    . . .        b - +0 scale mail
rPois   .            m - +0 helmet
rElec   .            r - +2 cloak
rCorr   +            (no gloves)
SInv    .            (no boots)
Will    +....        (no amulet) Stlth
                     e - ring of resist corrosion
HPRegen 1.07/turn    x - +6 ring of intelligence
MPRegen 0.11/turn

%: guardian spirit
@: mighty
A: fangs 3, regeneration 1, magic shield, antimagic bite, no potion heal 2
a: Renounce Religion, Purification, Heal Other


You were on level 5 of the Dungeon.
You worshipped Elyvilon.
Elyvilon was pleased with you.
You visited 1 branch of the dungeon, and saw 5 of its levels.

You collected 186 gold pieces.
You spent 96 gold pieces at shops.

Inventory:

Hand Weapons
 a - a +1 war axe (weapon)
 d - a +3 quarterstaff of chaos
 h - a +0 shortbow
 u - the +1 rapier of Dishonour {antimagic, rPois Str-4 Int+3}
   (You found it on level 3 of the Dungeon)

   Str:       It affects your strength (-4).
   Int:       It affects your intelligence (+3).
   rPois:     It protects you from poison.
 v - a +1 heavy hand axe
Missiles
 i - 10 poisoned darts (quivered)
Armour
 b - a +0 scale mail (worn)
 c - a +0 buckler (worn)
 m - a +0 helmet (worn)
 r - a +2 cloak (worn)
Jewellery
 e - a ring of resist corrosion (left hand)
 x - a +6 ring of intelligence (right hand)
Wands
 f - a wand of charming (9)
Scrolls
 j - a scroll of teleportation
 l - a scroll of blinking {unknown}
 o - 4 scrolls of enchant weapon
 p - a scroll of magic mapping {unknown}
 q - 2 scrolls of fear {unknown}
 s - 2 scrolls of fog
Potions
 g - 3 potions of curing
 k - a potion of cancellation {unknown}
 n - 2 potions of haste {unknown}
 t - 3 potions of resistance {unknown}
 w - a potion of might


   Skills:
 + Level 4.1 Fighting
 + Level 5.7 Axes
 + Level 4.3 Armour
 + Level 2.1 Dodging
 + Level 1.2 Stealth
 + Level 3.4 Shields


You had 7 spell levels left.
You didn't know any spells.
Your spell library contained the following spells:

 Spells                   Type           Power      Damage    Failure   Level
 Summon Lightning Spire   Summ/Air       0%         N/A       100%        4
 Storm Form               Tmut/Air       0%         N/A       100%        7
 Maxwell's Capacitive Co  Air            0%         ∞         100%        8


Dungeon Overview and Level Annotations

Branches:
Dungeon (5/15)             Temple (0/1) D:5

Altars:
Dithmenos
Elyvilon
Qazlal
Trog
The Shining One

Shops:
D:3 !

Annotations:
D:5 Prince Ribbit


Innate Abilities, Weirdness & Mutations

You have razor-sharp teeth.
Your natural rate of healing is unusually fast.
When hurt, damage is shared between your health and your magic reserves.
Your bite disrupts and absorbs the magic of your enemies.
Potions cannot restore your health.


Message History

The troll is almost dead.
You closely miss Prince Ribbit. The troll bites you. The troll claws you!
The troll claws you but does no damage.
Prince Ribbit hits you but does no damage.
The troll closely misses you. The troll barely misses you. x2
You closely miss Prince Ribbit. You hit the troll but do no damage.
Prince Ribbit hits you!
Prince Ribbit hits you but does no damage.
You block the troll's attack. The troll claws you! x2
* * * LOW HITPOINT WARNING * * *
You feel very mighty all of a sudden.
Prince Ribbit blinks!
The troll barely misses you. You block the troll's attack. The troll claws you.
* * * LOW HITPOINT WARNING * * *
Prince Ribbit croaks regally.
You slash the troll!
You kill the troll!
The troll leather armour is intact enough to wear.
Your Fighting skill increases to level 4!
You have reached level 8!
You feel stronger.
Your teeth grow very long and razor-sharp.
Prince Ribbit hits you.
* * * LOW HITPOINT WARNING * * *
You miss Prince Ribbit. Prince Ribbit hits you.
* * * LOW HITPOINT WARNING * * *
Prince Ribbit hits you but does no damage.
You closely miss Prince Ribbit. You bite Prince Ribbit!
Prince Ribbit's magic leaks into the air.
You drain his magic.
You feel invigorated.
Prince Ribbit is moderately wounded.
Prince Ribbit croaks regally.
Prince Ribbit hits you!
* * * LOW HITPOINT WARNING * * *
You barely miss Prince Ribbit. You bite Prince Ribbit!
Prince Ribbit's magic leaks into the air.
You drain his magic.
You feel invigorated.
Prince Ribbit is heavily wounded.
Prince Ribbit hits you!
You die...

... ...##.. ...
...#.# .... ...#.#
..... ..$..#
.....###....#
......#....# ..
#.[...# ....##.###
#†@.# .........#
###F..# #..#
...####....## #..#
#...#......#
...#####..........##
...##..............#
##.................#
#...............####
.#.##..........###


You could see Prince Ribbit (magic disrupted).

Vanquished Creatures
  A troll (D:5)
  A black bear (D:5)
  An ogre (D:5)
  A centaur (D:4)
  A scorpion (D:5)
  A hound (D:5)
  A jelly (D:4)
  Crazy Yiuf (D:2)
  2 orc priests (D:4)
  An iguana (D:4)
  3 orc wizards (D:4)
  Robin (D:2)
  2 adders
  4 worms
  5 dart slugs
  19 orcs
  8 ball pythons
  8 bats
  4 endoplasms
  4 giant cockroaches
  15 goblins
  7 hobgoblins
  3 jackals (D:1)
  9 kobolds
  4 quokkas
  4 frilled lizards
  5 rats
116 creatures vanquished.

Notes
Turn   | Place    | Note
-------+----------+-------------------------------------------
     0 | D:1      | Sabo the Vine Stalker Fighter began the quest for the Orb.
     0 | D:1      | Reached XP level 1. HP: 11/11 MP: 2/2
   121 | D:1      | Reached XP level 2. HP: 12/16 MP: 1/3
   148 | D:1      | Reached skill level 2 in Axes
   317 | D:1      | Reached XP level 3. HP: 20/20 MP: 4/4
   834 | D:2      | Found a white marble altar of Elyvilon.
  1207 | D:2      | Noticed Robin
  1214 | D:2      | Gained mutation: Your natural rate of healing is unusually
                  | fast. [Vine Stalker growth]
  1214 | D:2      | Reached XP level 4. HP: 23/24 MP: 3/5
  1215 | D:2      | Killed Robin
  1305 | D:2      | Found a runed translucent door.
  1306 | D:2      | Noticed Crazy Yiuf
  1535 | D:2      | Became a worshipper of Elyvilon the Healer
  2061 | D:2      | Killed Crazy Yiuf
  2062 | D:2      | Reached skill level 3 in Axes
  2062 | D:2      | Reached skill level 1 in Dodging
  2250 | D:3      | Reached XP level 5. HP: 16/28 MP: 6/6
  2540 | D:3      | Identified the +1 rapier of Dishonour {antimagic, rPois
                  | Str-4 Int+3}
  2592 | D:3      | Found Alalyali's Distillery.
  2597 | D:3      | Bought 2 potions of might for 96 gold pieces
  2748 | D:3      | Found a shadowy altar of Dithmenos.
  2942 | D:3      | Found a stormy altar of Qazlal.
  2942 | D:3      | Found a glowing golden altar of the Shining One.
  2997 | D:4      | Found a bloodstained altar of Trog.
  3008 | D:4      | Reached * piety under Elyvilon
  3364 | D:4      | Noticed a centaur
  3375 | D:4      | Killed a centaur
  3376 | D:4      | Reached skill level 4 in Axes
  3376 | D:4      | Reached XP level 6. HP: 25/32 MP: 5/7
  3916 | D:4      | Reached XP level 7. HP: 36/36 MP: 6/8
  3947 | D:4      | Reached ** piety under Elyvilon
  4062 | D:5      | Entered Level 5 of the Dungeon
  4067 | D:5      | Reached skill level 1 in Stealth
  4094 | D:5      | Found a staircase to the Ecumenical Temple.
  4141 | D:5      | Reached skill level 5 in Axes
  4202 | D:5      | Upgraded the game from 0.30.0-11-gf55b779eaf to
                  | 0.30.0-13-g156ef70053
  4439 | D:5      | Noticed Prince Ribbit
  4444 | D:5      | Noticed a troll
  4454 | D:5      | Killed a troll
  4455 | D:5      | Gained mutation: You have razor-sharp teeth. [Vine Stalker
                  | growth]
  4455 | D:5      | Reached XP level 8. HP: 7/42 MP: 0/9
  4457 | D:5      | HP: 2/42 [Prince Ribbit (6)]
  4458 | D:5      | Slain by Prince Ribbit

Illustrated notes

Levels and vault maps discovered:
D:1:      spicycebolla_arrival_ecumenical, layout_basic
D:2:      layout_basic, basic_altar, chequers_big_river,
          uniq_crazy_yiuf_cottage, uniq_robin
D:3:      layout_loops_ring, lemuel_coloured_pillars_altar,
          gammafunk_temple_overflow_statue, serial_shops,
          nicolae_shop_hallway_stairs
D:4:      layout_basic, nicolae_overflow_crystal_walls
D:5:      layout_cave_pools, minmay_temple_entry_from_below_b,
          minmay_misc_feat_pillars, uniq_prince_ribbit1, uniq_sigmund

Skill      XL: |  1  2  3  4  5  6  7 |
---------------+----------------------+-----
Fighting       | 3 4 |  4.1
Axes           | 2 3 4 5 |  5.7
Dodging        | 1 2 |  2.1
Shields        | 3 |  3.4
Armour         | 3 4 |  4.3
Stealth        | 1 |  1.2

Action                     |  1- 3 |  4- 6 |  7- 9 || total
---------------------------+-------+-------+-------++-------
  Melee: War axe           |    71 |   142 |    43 ||   256
         Bite              |    11 |    36 |    16 ||    63
    Use: Potion            |     1 |     1 |     2 ||     4
         Scroll            |       |     8 |       ||     8
 Armour: Scale mail        |    55 |    85 |    29 ||   169
  Dodge: Dodged            |    49 |    84 |    29 ||   162
  Block: Buckler           |    22 |    28 |    11 ||    61
